 Dungeon Crawl Stone Soup version 0.30-a0-219-gf2db51d15e (webtiles) character file.

Game seed: 5600597220959676933

30 gzilladon the Poker (level 3, 0/30 HPs)
             Began as a Ghoul Gladiator on Oct 7, 2022.
             Splashed by a jelly's acid (5 damage)
             ... on level 4 of the Dungeon.
             The game lasted 00:00:57 (226 turns).

gzilladon the Poker (Ghoul Gladiator)                Turns: 226, Time: 00:00:58

Health: 0/30       AC:  0    Str: 19    XL:     3   Next: 18%
Magic:  2/2        EV: 12    Int:  3    God:
Gold:   18         SH:  0    Dex: 10    Spells: 2/2 levels left

rFire   . . .      SeeInvis .    a - +0 trident
rCold   + . .      Faith    .    (no shield)
rNeg    + + +      Spirit   .    b - +0 leather armour
rPois   ∞          Reflect  .    c - +0 helmet
rElec   .          Harm     .    (no cloak)
rCorr   .          Rampage  .    (no gloves)
Will    .....                    (no boots)
Stlth   +.........               (no amulet)
HPRegen 0.00/turn                (no ring)
MPRegen 0.08/turn                (no ring)

@: corroded, inhibited regen
A: claws 1, cold resistance 1, negative energy resistance 3, inhibited
regeneration, torment resistance 2, devour on kill
a: no special abilities


You were on level 4 of the Dungeon.
You visited 1 branch of the dungeon, and saw 4 of its levels.

You collected 18 gold pieces.

Inventory:

Hand Weapons
 a - a +0 trident (weapon)
Missiles
 d - 3 throwing nets (quivered)
 e - a javelin
 f - 6 stones
Armour
 b - a +0 leather armour (worn)
 c - a +0 helmet (worn)
Potions
 g - a potion of degeneration {unknown}


   Skills:
 + Level 2.5 Fighting
 + Level 3.1 Polearms
 + Level 1.9 Throwing
 + Level 3.1 Dodging


You had 2 spell levels left.
You didn't know any spells.
Your spell library was empty.

Dungeon Overview and Level Annotations

Branches:
Dungeon (4/15)
 Temple: D:4-7

Altars:


Innate Abilities, Weirdness & Mutations

You are immune to poison.
You have sharp fingernails.
Your flesh is cold resistant. (rC+)
You are immune to negative energy. (rN+++)
You do not regenerate when monsters are visible.
You are immune to unholy pain and torment.
You thrive by killing the living.


Message History

The jelly is almost dead.
The jelly hits you but does no damage.
You puncture the jelly!
You kill the jelly!
Your Polearms skill increases to level 3!
Your Dodging skill increases to level 3!
You have reached level 2!
You have reached level 3!
Your experience leads to an increase in your attributes!
Increase (S)trength, (I)ntelligence, or (D)exterity?
You feel stronger. x2
You start resting.
You hear the slow rusting of a very distant drain.
You start resting.
HP restored.
A jelly comes into view.
Found a scale mail.
The jelly barely misses you.
You hit the jelly.
Your claws burn!
The jelly is moderately wounded.
The jelly closely misses you. The jelly barely misses you.
You hit the jelly but do no damage.
Your claws burn!
The jelly is moderately wounded.
The jelly hits you but does no damage.
You barely miss the jelly.
The jelly is moderately wounded.
The jelly hits you.
You are splashed with acid!
You hit the jelly.
Your claws burn!
The jelly is moderately wounded.
The jelly barely misses you.
You hit the jelly.
Your claws burn!
* * * LOW HITPOINT WARNING * * *
The jelly is heavily wounded.
The jelly barely misses you.
You hit the jelly. The acid corrodes you!
Your claws burn!
* * * LOW HITPOINT WARNING * * *
The jelly is heavily wounded.
The jelly closely misses you.
You hit the jelly.
Your claws burn!
You die...

#....#.# #..###.### ##
#........# .#
##.#####.# ..
#.#####.##### .#
#.##........# .#
#....##.#.#.# .#
#.#####.#.#.####.#.#
#>......#......@J..#
#######.#..............
#.#.#.####.#####.
#.....# .[. ###.###
.##.. #...# ## # #...#
#.... #...##


You could see a jelly.

Vanquished Creatures
  A jelly (D:4)
  A kobold (D:2)
2 creatures vanquished.

Vanquished Creatures (others)
  15 fungi (D:4)
15 creatures vanquished.

Grand Total: 17 creatures vanquished

Notes
Turn   | Place    | Note
-------+----------+-------------------------------------------
     0 | D:1      | gzilladon the Ghoul Gladiator began the quest for the Orb.
     0 | D:1      | Reached XP level 1. HP: 17/17 MP: 0/0
    24 | D:1      | You fall into a shaft and drop 1 floor!
   169 | D:4      | Noticed a jelly
   184 | D:4      | Killed a jelly
   185 | D:4      | Reached XP level 2. HP: 20/25 MP: 1/1
   185 | D:4      | Reached XP level 3. HP: 24/30 MP: 2/2
   226 | D:4      | Splashed by a jelly's acid

Illustrated notes

Levels and vault maps discovered:
D:1:      dpeg_arrival_shelter, layout_loops_cross,
          shapermc_ecumenical_altar_venn
D:2:      layout_loops_ring, minmay_tromino_v4_a, uniq_crazy_yiuf_cottage
D:3:      layout_basic, biasface_ghost_orc_armoury,
          chequers_serial_rivers_large_b, kennysheep_generic_room_10
D:4:      old_forge, layout_loops_cross, gammafunk_ghost_icy,
          gup_sewer_entry_bowl

Skill      XL: |  1 |
---------------+----+-----
Polearms       | 3 |  3.1
Dodging        | 3 |  3.1
Fighting       | |  2.5
Throwing       | |  1.9

Action                   || total
-------------------------++-------
Melee: Trident           ||    12
Armor: Leather armour    ||     2
Dodge: Dodged            ||     8

Table legend: (Time is in decaauts)
 A = Elapsed time spent in this place.
 B = Non-inter-level travel time spent in this place.
 C = Inter-level travel time spent in this place.
 D = Time resting spent in this place.
 E = Time spent auto-exploring this place.
 F = Levels seen in this place.
 G = Mean time per level.
                   A        B        C        D        E       F      G
               +--------+--------+--------+--------+--------+-----+--------+
         Total |    227 |    227 |      0 |     22 |      0 |   4 |   56.8 |
       Dungeon |    227 |    227 |      0 |     22 |      0 |   4 |   56.8 |
               +--------+--------+--------+--------+--------+-----+--------+

Top non-repeatable levels by time:
     D:4: 84 daAuts
     D:3: 81 daAuts
     D:2: 37 daAuts
     D:1: 24 daAuts
